 Dungeon Crawl Stone Soup version bcrawl-1.26.1 (webtiles) character file.

Game seed: 17593211531615800529

236388 Freyura the Sneak (level 6, -2/47 HPs)
             Began as a Vampire Gladiator on July 13, 2020.
             Slain by a worker ant (7 damage)
             ... on level 4 of the Dungeon.
             The game lasted 00:07:42 (2696 turns).

Freyura the Sneak (Vampire Gladiator)               Turns: 2696, Time: 00:07:43

Health: -2/47      AC:  3    Str: 17    XL:     6   Next: 84%
Magic:  0/6        EV: 15    Int:  9    God:
Gold:   190        SH:  0    Dex: 16    Spells: 5/5 levels left

rFire    . . .     SeeInvis +   a - +0 rapier
rCold    + . .     Gourm    .   (no shield)
rNeg     + + +     Faith    .   r - +0 robe {rN+}
rPois    ∞         Spirit   .   c - +0 helmet
rElec    .         Reflect  .   (no cloak)
rCorr    .         Harm     .   (no gloves)
MR       .....                  (no boots)
Stlth    ++++++++..             (no amulet)
HPRegen  0.07/turn              b - ring of stealth
MPRegen  0.10/turn              (no ring)

@: bloodless, regenerating slowly
A: claws 1, fangs 3, see invisible, unbreathing
a: no special abilities


You were on level 4 of the Dungeon.
You were bloodless.

You visited 1 branch of the dungeon, and saw 4 of its levels.

You collected 190 gold pieces.

Inventory:

Hand Weapons
 a - a +0 rapier (weapon)
Missiles
 d - 3 throwing nets {=f}
Armour
 c - a +0 helmet (worn)
 l - a +0 robe
 r - a +0 robe of positive energy (worn)
Jewellery
 b - a ring of stealth (left claw)
Scrolls
 e - 2 scrolls of enchant weapon {unknown}
 j - 2 scrolls of remove curse
 k - 3 scrolls of identify
 m - a scroll of magic mapping {unknown}
 p - a scroll of teleportation {unknown}
Potions
 f - a potion of berserk rage {unknown}
 g - 3 potions of curing {unknown}
 h - a potion of might {unknown}
 i - 4 potions of haste {unknown}
 n - a potion of agility {unknown}
 o - a potion of degeneration {unknown}
 q - 12 potions of blood


   Skills:
 + Level 3.4 Fighting
 + Level 5.3 Short Blades
 - Level 1.5 Throwing
 + Level 4.7 Dodging
 * Level 6.9 Stealth


You had 5 spell levels left.
You didn't know any spells.
Your spell library was empty.

Dungeon Overview and Level Annotations

Branches:
Dungeon (4/12)
 Temple: D:4-7

Altars:
Elyvilon
Gozag
Trog
Uskayaw

Shops:
D:4 (


Innate Abilities, Weirdness & Mutations

You heal slowly.
You are immune to poison.
You have sharp fingernails.
You have razor-sharp teeth.
You have supernaturally acute eyesight. (SInv)
You can survive without breathing.


Message History

The eye of draining is almost dead.
The worker ant closely misses you. The eye of draining gazes at you.
You puncture the worker ant!
The worker ant is heavily wounded.
The worker ant closely misses you. The eye of draining gazes at you.
You hit the worker ant but do no damage.
The worker ant is heavily wounded.
The worker ant bites you.
* * * LOW HITPOINT WARNING * * *
The eye of draining gazes at you.
You barely miss the worker ant.
The worker ant is heavily wounded.
The worker ant closely misses you. The eye of draining gazes at you.
You hit the worker ant but do no damage.
The worker ant is heavily wounded.
The worker ant bites you!
You die...

###########
#.........# ###
###.........##...
#...G............
#..)G@......PP...
##.).##a.....P∩...
##.....##.....PP....
#.8...8.#.(.........
#.......#...........
#.......#..........
.
##.._..##...........
##...##.....#.##.#
#####...........#


You could see 2 eyes of draining and a worker ant.

Vanquished Creatures
  Sigmund (D:2)
  An eye of draining (D:4)
  A jelly (D:3)
  2 worker ants
  A hound skeleton (D:3)
  Robin (D:2)
  An adder (D:3)
  A gnoll (D:4)
  3 oozes
  2 worms
  3 dart slugs
  3 leopard geckos
  6 orcs
  6 bats
  3 giant cockroaches
  15 goblins
  8 hobgoblins
  11 kobolds
  2 quokkas (D:3)
  A ball python (D:1)
  3 frilled lizards
  3 rats
78 creatures vanquished.

Notes
Turn   | Place    | Note
-------+----------+-------------------------------------------
     0 | D:1      | Freyura the Vampire Gladiator began the quest for the Orb.
     0 | D:1      | Reached XP level 1. HP: 16/16 MP: 1/1
   100 | D:1      | Reached skill level 1 in Stealth
   208 | D:1      | Reached XP level 2. HP: 22/22 MP: 2/2
   380 | D:1      | Reached skill level 2 in Stealth
   795 | D:2      | Noticed Robin
   807 | D:2      | Reached XP level 3. HP: 27/27 MP: 3/3
   924 | D:2      | Reached skill level 3 in Stealth
   958 | D:2      | Found a hide-covered altar of Uskayaw.
  1343 | D:2      | Reached XP level 4. HP: 32/34 MP: 4/4
  1357 | D:2      | Killed Robin
  1371 | D:2      | Noticed Sigmund
  1387 | D:2      | Killed Sigmund
  1387 | D:2      | Reached skill level 5 in Stealth
  1387 | D:2      | Reached XP level 5. HP: 16/40 MP: 5/5
  1788 | D:3      | Found a white marble altar of Elyvilon.
  1960 | D:3      | Reached XP level 6. HP: 39/47 MP: 6/6
  2145 | D:3      | Reached skill level 5 in Short Blades
  2324 | D:3      | Reached skill level 6 in Stealth
  2613 | D:4      | Found an opulent altar of Gozag.
  2615 | D:4      | Found Ijycecwa's Antique Weapon Boutique.
  2654 | D:4      | Found a bloodstained altar of Trog.
  2696 | D:4      | Slain by a worker ant

Skill      XL: |  1  2  3  4  5  6 |
---------------+-------------------+-----
Stealth        | 1 2 3 5 6 |  6.9
Fighting       | 2 3 |  3.4
Short Blades   | 4 5 |  5.3
Dodging        | 4 |  4.7
Throwing       | |  1.5

Action                   |  1- 3 |  4- 6 || total
-------------------------+-------+-------++-------
Melee: Rapier            |   112 |   114 ||   226
       Bite              |     7 |     9 ||    16
  Use: Scroll            |       |     4 ||     4
 Stab: Sleeping          |    11 |    14 ||    25
Armor: Leather armour    |     6 |       ||     6
       Robe              |    11 |     8 ||    19
Dodge: Dodged            |    61 |    53 ||   114
